 Dungeon Crawl Stone Soup version 0.17-a0-2118-g63bad21 (webtiles) character file.

2258 glosham the Digger (level 8, 0/66 HPs)
             Began as a Demigod Earth Elementalist on Oct 20, 2015.
             Slain by Prince Ribbit the redback (glowing shapeshifter) (14 damage)
             ... on level 7 of the Dungeon.
             The game lasted 02:03:52 (6221 turns).

glosham the Digger (Demigod Earth Elementalist)     Turns: 6221, Time: 02:03:52

Health: 0/66       AC:  6    Str: 11    XL:     8   Next: 93%
Magic:  14/14      EV: 13    Int: 27    God:
Gold:   122        SH:  0    Dex: 16    Spells: 4 memorised, 1 level left

rFire  . . .     SeeInvis .     b - staff of earth
rCold  . . .     Clarity  .     X - +0 robe
rNeg   . . .     SustAt   +     (no shield)
rPois  .         Gourm    .     (no helmet)
rElec  .         Spirit   .     Y - +1 cloak
rCorr  .         Warding  .     V - +0 pair of gloves
rMut   .         Stasis   .     W - +0 pair of boots
MR     .....                    z - amulet of regeneration
Stlth  ++........               B - +4 ring of intelligence
                                A - +1 ring of evasion

@: lethally poisoned (0 -> -11), not resistant to hostile enchantments,
unstealthy
A: high mp 1, sustain attributes
a: no special abilities


You were on level 7 of the Dungeon.
You were not hungry.

You visited 1 branch of the dungeon, and saw 7 of its levels.

You collected 372 gold pieces.
You spent 250 gold pieces at shops.

Inventory:

Hand Weapons
 a - a +3 quarterstaff of chaos
 d - a +3 spear
Missiles
 c - 182 stones
 o - 50 sling bullets
 C - 15 poisoned needles
 G - 25 bolts
 I - 110 arrows
 J - 2 tomahawks (quivered)
Armour
 V - a +0 pair of gloves (worn)
 W - a +0 pair of boots (worn)
 X - a +0 robe (worn)
 Y - a +1 cloak (worn)
Magical Staves
 b - an uncursed staff of earth (weapon)
Jewellery
 v - an uncursed amulet of resist mutation
 w - an uncursed amulet of warding
 x - an uncursed amulet of stasis
 y - an uncursed amulet of rage
 z - an amulet of regeneration (around neck)
 A - a +1 ring of evasion (left hand)
 B - a +4 ring of intelligence (right hand)
 F - an uncursed ring of flight
Wands
 g - a wand of slowing (5)
Scrolls
 j - 2 scrolls of teleportation
 n - a scroll of blinking {unknown}
 p - 2 scrolls of recharging
 r - 7 scrolls of remove curse
 H - a scroll of enchant armour
 M - a scroll of magic mapping {unknown}
Potions
 h - a potion of berserk rage {unknown}
 i - 6 potions of curing
 k - 2 potions of haste {unknown}
 s - a potion of heal wounds
 u - a potion of brilliance {unknown}
 E - a potion of lignification {unknown}
 K - a potion of degeneration {unknown}
 L - a potion of cancellation {unknown}
 N - a potion of invisibility {unknown}
Books
 l - a book of Geomancy

   Spells                             Type                      Level
   a - Sandblast                      Earth                        1
   b - Stoneskin                      Transmutation/Earth          2
   c - Passwall                       Transmutation/Earth          3
   d - Stone Arrow                    Conjuration/Earth            3
   e - Petrify                        Transmutation/Earth          4
   f - Lee's Rapid Deconstruction     Earth                        5
 m - a book of Changes

   Spells                             Type                      Level
   a - Beastly Appendage              Transmutation                1
   b - Sticks to Snakes               Transmutation                2
   c - Spider Form                    Transmutation/Poison         3
   d - Ice Form                       Ice/Transmutation            4
   e - Blade Hands                    Transmutation                5
 D - a book of Battle

   Spells                             Type                      Level
   a - Infusion                       Charms                       1
   b - Shroud of Golubria             Charms/Translocation         2
   c - Song of Slaying                Charms                       2
   d - Spectral Weapon                Hexes/Charms                 3
   e - Regeneration                   Charms/Necromancy            3
Comestibles
 e - 6 bread rations
 f - 5 meat rations
 t - a beef jerky


   Skills:
 * Level 4.1 Fighting
 * Level 6.2 Staves
 * Level 1.7 Dodging
 - Level 1.7 Stealth
 - Level 1.7 Spellcasting
 - Level 0.8 Transmutations
 * Level 7.1 Earth Magic
 * Level 4.4 Evocations


You had one spell level left.
You knew the following spells:

 Your Spells              Type           Power        Failure   Level  Hunger
r - Regeneration          Chrm/Necr      #.........   34%         3    ###....
s - Stoneskin             Trmt/Erth      #####...     3%          2    ##.....
w - Passwall              Trmt/Erth      #####.....   10%         3    ###....
z - Sandblast             Erth           ######       1%          1    #......


Dungeon Overview and Level Annotations

Branches:
Dungeon (7/15)             Temple (0/1) D:4

Shops:
D:5 *

Annotations:
D:7 exclusions: giant gecko and killer bee, Joseph, Prince Ribbit


Innate Abilities, Weirdness & Mutations

You have an increased reservoir of magic (+10% MP).
Your attributes are resistant to harm.


Message History

All of the chunks of flesh in your inventory have rotted away.
You hit Prince Ribbit. You crush Prince Ribbit!
Prince Ribbit is moderately wounded.
Prince Ribbit pauses to sniff the ground.
Prince Ribbit barely misses you.
You closely miss Prince Ribbit.
Prince Ribbit is moderately wounded.
Prince Ribbit bites you! Prince Ribbit shocks you!
* * * LOW HITPOINT WARNING * * *
Drink which item? (? for menu, Esc to quit)
You feel much better.
Prince Ribbit bites you but does no damage.
You closely miss Prince Ribbit.
Prince Ribbit is moderately wounded.
Prince Ribbit the raiju changes into a wind drake!
You barely miss Prince Ribbit. Prince Ribbit bites you!
You hit Prince Ribbit but do no damage.
Prince Ribbit exhales a fierce blast of wind!
Prince Ribbit summons a great blast of wind!
You are blown backwards!
Prince Ribbit the wind drake changes into a redback!
Prince Ribbit barely misses you.
You hit Prince Ribbit but do no damage. Prince Ribbit misses you.
Prince Ribbit bites you.
You are lethally poisoned!
Prince Ribbit poisons you!
Found a stone staircase leading down.
You feel very sick.
Drink which item? (? for menu, Esc to quit)
You feel better. Prince Ribbit barely misses you. Prince Ribbit bites you!
You hit Prince Ribbit but do no damage.
You feel a little less agile now. Prince Ribbit bites you.
* * * LOW HITPOINT WARNING * * *
You are poisoned.
Prince Ribbit poisons you!
* * * LOW HITPOINT WARNING * * *
You feel very sick. Prince Ribbit bites you!
You die...

...### #.#.#
.....###.#.######
..........lW....#
.....#.?.#.####.#
...# #...#.# #.#
...##.# #..# #l##
..##.# ##.# #.W#
.....# #.# ##s#
####.#####.# #@#
##.....## #.#
#.....# #.#
#.#.#.# #.#
#>#.#.# #.#
##...## #>#
###.## #.# ##.###
### ####...##
#######


You could see a phantom, Prince Ribbit the redback shaped shifter and a giant
gecko.

Vanquished Creatures
  The ghost of Rayvis the Covert, an amateur OpAs (D:3)
  An orc warrior (D:6)
  2 sky beasts (D:5)
  A phantom (D:6)
  2 ogres (D:5)
  4 centaurs
  A giant frog (D:6)
  4 scorpions
  3 crimson imps
  An orc priest (D:5)
  5 orc wizards
  5 hounds
  Crazy Yiuf (D:2)
  A giant frog skeleton (D:6)
  5 worker ants
  Natasha (twice) (D:2)
  2 hound skeletons (D:6)
  10 adders
  3 gnolls (D:3)
  2 shadow imps
  2 oozes (D:1)
  4 worms
  An adder skeleton (D:5)
  4 giant geckos
  19 orcs
  A ball python (D:3)
  5 giant cockroaches
  7 goblins
  6 hobgoblins
  A quokka (D:4)
  2 bats
  6 giant newts
  5 jackals
  A jackal skeleton (D:4)
  6 kobolds
  A quokka skeleton (D:5)
  10 rats
137 creatures vanquished.

Vanquished Creatures (collateral kills)
  A gnoll (D:3)
1 creature vanquished.

Vanquished Creatures (others)
  A centaur (D:7)
1 creature vanquished.

Grand Total: 139 creatures vanquished

Notes
Turn   | Place    | Note
--------------------------------------------------------------
     0 | D:1      | glosham the Demigod Earth Elementalist began the quest for the Orb.
     0 | D:1      | Reached XP level 1. HP: 14/14 MP: 5/5
   107 | D:1      | Reached skill level 3 in Earth Magic
   362 | D:1      | Reached XP level 2. HP: 20/20 MP: 4/7
   993 | D:2      | Noticed Natasha
  1357 | D:2      | Reached XP level 3. HP: 26/26 MP: 6/8
  1380 | D:2      | Killed Natasha
  1380 | D:2      | Reached skill level 4 in Earth Magic
  1631 | D:2      | Reached XP level 4. HP: 33/33 MP: 4/9
  1655 | D:2      | Noticed Natasha
  1668 | D:2      | Killed Natasha
  1830 | D:2      | Reached skill level 5 in Earth Magic
  1947 | D:2      | Noticed Crazy Yiuf
  1953 | D:2      | Killed Crazy Yiuf
  2015 | D:3      | Noticed Rayvis's ghost (amateur OpAs)
  2026 | D:3      | Killed Rayvis's ghost
  2026 | D:3      | Reached skill level 2 in Fighting
  2026 | D:3      | Reached XP level 5. HP: 32/44 MP: 5/10
  2119 | D:3      | Found a shattered altar of Ashenzari.
  2306 | D:3      | Reached skill level 3 in Fighting
  2760 | D:3      | Reached XP level 6. HP: 51/51 MP: 7/11
  2952 | D:3      | Found a blossoming altar of Fedhas.
  3273 | D:4      | Reached skill level 1 in Staves
  3309 | D:4      | Reached skill level 2 in Staves
  3463 | D:4      | Found a staircase to the Ecumenical Temple.
  3750 | D:5      | Entered Level 5 of the Dungeon
  3783 | D:5      | Reached skill level 3 in Staves
  3783 | D:5      | Reached XP level 7. HP: 42/58 MP: 9/12
  3980 | D:5      | Learned a level 3 spell: Regeneration
  4205 | D:5      | Reached skill level 4 in Staves
  4229 | D:5      | Learned a level 3 spell: Passwall
  4232 | D:5      | Learned a level 2 spell: Stoneskin
  4269 | D:5      | Reached skill level 5 in Staves
  4534 | D:5      | Reached skill level 6 in Staves
  4626 | D:5      | Found Illaef's General Store.
  4631 | D:5      | Bought an uncursed staff of earth for 250 gold pieces
  4760 | D:6      | Reached skill level 1 in Evocations
  4769 | D:6      | Found an ancient bone altar of Kikubaaqudgha.
  4787 | D:6      | Reached XP level 8. HP: 48/66 MP: 13/13
  4934 | D:6      | Reached skill level 2 in Evocations
  5097 | D:6      | Reached skill level 6 in Earth Magic
  5123 | D:6      | Reached skill level 3 in Evocations
  5152 | D:6      | Found a glowing golden altar of the Shining One.
  5154 | D:6      | Found a sparkling altar of Nemelex Xobeh.
  5408 | D:6      | Reached skill level 4 in Evocations
  5468 | D:6      | Found an opulent altar of Gozag.
  5510 | D:7      | Noticed Prince Ribbit
  5727 | D:7      | Found a white marble altar of Elyvilon.
  5744 | D:7      | Reached skill level 7 in Earth Magic
  5749 | D:7      | Reached skill level 4 in Fighting
  6034 | D:7      | Noticed Joseph
  6183 | D:7      | Noticed Prince Ribbit
  6183 | D:7      | Prince Ribbit changed into Prince Ribbit the fire drake
  6186 | D:7      | Prince Ribbit the fire drake changed into Prince Ribbit the spriggan
  6191 | D:7      | Noticed Prince Ribbit
  6191 | D:7      | Prince Ribbit the spriggan changed into Prince Ribbit the troll
  6193 | D:7      | Prince Ribbit the troll changed into Prince Ribbit the raiju
  6208 | D:7      | Noticed Prince Ribbit
  6208 | D:7      | Prince Ribbit the raiju changed into Prince Ribbit the wind drake
  6211 | D:7      | Prince Ribbit the wind drake changed into Prince Ribbit the redback
  6221 | D:7      | Slain by Prince Ribbit the redback (glowing shapeshifter)

Vault maps used:
D:1:      dpeg_arrival_radiant, serial_park_tiny_pond
D:2:      uniq_natasha, uniq_crazy_yiuf_cottage
D:3:      lemuel_coloured_pillars_altar, evilmike_ruin_ashenzari
D:4:      minmay_temple_entry_statues, first_bread
D:5:      serial_shops, kennysheep_little_box
D:6:      grunt_temple_overflow_open, lemuel_doored_altar,
          grunt_gozag_breadcrumbs
D:7:      cheibriados_altar_wand_db, basic_altar, lemuel_centaur_altar,
          uniq_prince_ribbit1, uniq_duvessa, uniq_joseph

Action                   |  1- 3 |  4- 6 |  7- 9 || total
-------------------------+-------+-------+-------++-------
Melee: Unarmed           |     6 |       |       ||     6
       Dagger            |     2 |       |       ||     2
       Quarterstaff      |       |    44 |   267 ||   311
       Staff             |       |       |    17 ||    17
Throw: Stone             |       |     1 |     2 ||     3
       Tomahawk          |       |       |     1 ||     1
 Cast: Sandblast         |    66 |    47 |    43 ||   156
       Passwall          |       |       |     5 ||     5
       Stoneskin         |       |       |     1 ||     1
Evoke: Wand              |       |       |     8 ||     8
  Use: Scroll            |     3 |     5 |     2 ||    10
       Potion            |       |       |     4 ||     4
 Stab: Sleeping          |       |     1 |       ||     1
       Paralysed         |       |       |     6 ||     6
  Eat: Chunk             |     3 |     7 |    11 ||    21
       Pizza             |       |       |     1 ||     1

Table legend:
 A = Turns spent in this place as a percentage of turns spent in the entire game.
 B = Non-inter-level travel turns spent in this place as a percentage of non-inter-level travel turns spent in the entire game.
 C = Inter-level travel turns spent in this place as a percentage of turns spent in this place.
 D = Turns resting spent in this place as a percentage of non-inter-level travel turns spent in this place.
 E = Turns spent auto-exploring this place as a percentage of non-inter-level travel turns spent in this place.
 F = Non-inter-level travel turns spent in this place divided by the number of levels of this place that you've seen.
                   A       B       C       D       E      F
               +-------+-------+-------+-------+-------+----------------------
         Total | 100.0 | 100.0 |   0.6 |   2.3 |   0.5 | 568.1
       Dungeon | 100.0 | 100.0 |   0.6 |   2.3 |   0.5 | 568.1
               +-------+-------+-------+-------+-------+----------------------

Table legend:
 A = Kills in this place as a percentage of kills in entire the game.
 B = Kills by you in this place as a percentage of kills by you in the entire game.
 C = Kills by friends in this place as a percentage of kills by friends in the entire game.
 D = Other kills in this place as a percentage of other kills in the entire game.
 E = Experience gained in this place as a percentage of experience gained in the entire game.
 F = Experience gained in this place divided by the number of levels of this place that you have seen.
                   A       B       C       D       E      F
               +-------+-------+-------+-------+-------+----------------------
         Total | 100.0 | 100.0 | 100.0 | 100.0 | 100.0 | 461.0
       Dungeon | 100.0 | 100.0 | 100.0 | 100.0 | 100.0 | 461.0
               +-------+-------+-------+-------+-------+----------------------

Vault maps used:
D:1:      dpeg_arrival_radiant, serial_park_tiny_pond
D:2:      uniq_natasha, uniq_crazy_yiuf_cottage
D:3:      lemuel_coloured_pillars_altar, evilmike_ruin_ashenzari
D:4:      minmay_temple_entry_statues, first_bread
D:5:      serial_shops, kennysheep_little_box
D:6:      grunt_temple_overflow_open, lemuel_doored_altar,
          grunt_gozag_breadcrumbs
D:7:      cheibriados_altar_wand_db, basic_altar, lemuel_centaur_altar,
          uniq_prince_ribbit1, uniq_duvessa, uniq_joseph
